 Dungeon Crawl Stone Soup version 0.31-a0-214-gb37851dbb3 (webtiles) character file.

Game seed: 4486002586871351623

36 qw the Shield-Bearer (level 3, -3/23 HPs)
             Began as a Gargoyle Fighter on July 1, 2023.
             Slain by a gnoll
             ... wielding a +0 halberd
              (7 damage)
             ... on level 2 of the Dungeon.
             The game lasted 00:00:24 (892 turns).

qw the Shield-Bearer (Gargoyle Fighter)              Turns: 892, Time: 00:00:25

Health: -3/23      AC: 14    Str: 21    XL:     3   Next: 37%
Magic:  3/3        EV:  5    Int:  8    God:
Gold:   53         SH:  9    Dex:  9    Spells: 2/2 levels left

rFire   . . .        Y - +0 war axe
rCold   . . .        c - +0 buckler
rNeg    + . .        m - +0 plate armour
rPois   inf          (no helmet)
rElec   +            (no cloak)
rCorr   .            (no gloves)
SInv    .            (no boots)
Will    .....        l - amulet of reflection Stlth
                     (no ring)
HPRegen 0.23/turn    (no ring)
MPRegen 0.08/turn

%: reflection
@: no status effects
A: sickness immunity, AC +3, negative energy resistance 1, electricity
resistance, torment resistance 1, petrification resistance
a: no special abilities


You were on level 2 of the Dungeon.
You visited 1 branch of the dungeon, and saw 2 of its levels.

You collected 53 gold pieces.


Innate Abilities, Weirdness & Mutations

You are immune to sickness and miasma.
Your stone body is resilient. (AC +3)
You are immune to poison.
You resist negative energy. (rN+)
You are resistant to electric shocks. (rElec)
You are resistant to unholy torment.
You are immune to petrification.


   Skills:
 - Level 3.2 Fighting
 + Level 3.1 Axes
 - Level 1.0 Throwing
 - Level 3.2 Armour
 - Level 3.2 Shields


You had 2 spell levels left.
You didn't know any spells.
Your spell library was empty.

Inventory:

Hand Weapons
 j - a +0 mace
 Y - a +0 war axe (weapon)
Missiles
 i - 3 javelins (quivered)
Armour
 c - a +0 buckler (worn)
 m - a +0 plate armour (worn)
Jewellery
 l - an amulet of reflection (around neck)
Potions
 a - a potion of lignification {unknown}
 d - 2 potions of might
 f - a potion of curing {unknown}
 g - a potion of mutation {unknown}

Dungeon Overview and Level Annotations

Branches:
Dungeon (2/15)

Altars:

Shops:
D:1 [


Message History

A gnoll comes into view. It is wielding a +0 halberd.
Enter note:
Enter note: The gnoll shouts!
The gnoll barely misses you.
Enter note:
Enter note: You hit the gnoll.
The gnoll is lightly wounded.
The gnoll hits you with a +0 halberd!
You hit the gnoll but do no damage.
The gnoll is lightly wounded.
The gnoll hits you with a +0 halberd. The gnoll hits you but does no damage.
You closely miss the gnoll.
The gnoll is lightly wounded.
The gnoll hits you with a +0 halberd!
886 ||| READING scroll of teleportation.
As you read the scroll of teleportation, it crumbles to dust.
You feel strangely unstable. The gnoll hits you but does no damage.
You barely miss the gnoll.
The gnoll is lightly wounded.
The gnoll hits you but does no damage.
You barely miss the gnoll.
The gnoll is lightly wounded.
The gnoll hits you but does no damage. You block the gnoll's attack.
You closely miss the gnoll.
The gnoll is lightly wounded.
Your surroundings seem slightly different.
The gnoll throws a throwing net.
You block the throwing net with an invisible shield... and reflect it back!
The throwing net closely misses the gnoll.
Enter note:
Enter note: The gnoll hits you but does no damage.
The gnoll hits you but does no damage.
You hit the gnoll.
The gnoll is moderately wounded.
The gnoll hits you with a +0 halberd!
You die...

..........##.......########
##...%....#####..#...
#....[..%#####..#.###
#.%.............#.#
#........####...#
#...####..# #...#
#..##..##.# #...#
#.......#.# #...#
##..##..#)# #..@# #.##
##%###.#.g..#
#.#..##........#(##
#.#.......##.#####
###.##..##.###..
.....####..# ###
####......## #%###..#
####.# #.##


You could see a gnoll.

Vanquished Creatures
  An adder (D:2)
  A dart slug (D:2)
  2 ball pythons
  An endoplasm (D:2)
  3 giant cockroaches (D:1)
  4 goblins
  2 hobgoblins
  2 quokkas
  4 bats
  A frilled lizard (D:2)
  A kobold (D:1)
22 creatures vanquished.

Notes
Turn   | Place    | Note
-------+----------+-------------------------------------------
     0 | D:1      | qw the Gargoyle Fighter began the quest for the Orb.
     0 | D:1      | Reached XP level 1. HP: 14/14 MP: 1/1
     0 | D:1      | 0 ||| qw: Version: 0.3-a-32-g5962c71
     0 | D:1      | 0 ||| qw: Game counter: 7348
     0 | D:1      | 0 ||| qw: Melee chars always use a shield: true
     0 | D:1      | 0 ||| qw: God list: Okawaru
     0 | D:1      | 0 ||| qw: Allow faded altars: false
     0 | D:1      | 0 ||| qw: Do Orc after clearing Dungeon:15 true
     0 | D:1      | 0 ||| qw: Do second Lair branch before Depths: true
     0 | D:1      | 0 ||| qw: Lair rune preference: random
     0 | D:1      | 0 ||| qw: Goals: Normal, Zot:1-4, Slime:5, God:TSO, Crypt,
                  | Tomb, Abyss, Pan, Hells, Win
     0 | D:1      | 0 ||| PLANNING D:1-11
   128 | D:1      | 128 ||| DROPPING +0 club.
   181 | D:1      | Reached XP level 2. HP: 19/19 MP: 2/2
   267 | D:1      | Found Zutaemet's Armour Boutique.
   271 | D:1      | 271 ||| Stepping ~*~*~tactically~*~*~ (stealth).
   280 | D:1      | 280 ||| SHOPLISTING +0 chain mail (45 gold, have 23).
   280 | D:1      | 280 ||| SHOPLISTING +0 plate armour (230 gold, have 23).
   280 | D:1      | 280 ||| SHOPLISTING +2 pair of gloves of stealth (215 gold,
                  | have 23).
   656 | D:1      | 656 ||| UPGRADING to +0 plate armour.
   666 | D:1      | 666 ||| DROPPING +0 scale mail.
   667 | D:1      | 667 ||| UPGRADING to amulet of reflection.
   672 | D:1      | 672 ||| READING 3 scrolls labelled YCORRE XORU.
   673 | D:1      | 673 ||| READING scroll labelled IVVOLO WENLE.
   674 | D:1      | 674 ||| READING 2 scrolls labelled CUANKAC XEFEOSCH.
   678 | D:1      | 678 ||| READING scroll labelled COIJIN JECHI.
   679 | D:1      | 679 ||| DROPPING 2 scrolls of amnesia.
   754 | D:2      | Reached skill level 3 in Axes
   799 | D:2      | 799 ||| Stepping ~*~*~tactically~*~*~ (stealth).
   806 | D:2      | Reached skill level 1 in Throwing
   806 | D:2      | Reached XP level 3. HP: 22/23 MP: 3/3
   855 | D:2      | 855 ||| Stepping ~*~*~tactically~*~*~ (stealth).
   885 | D:2      | HP: 2/23 [gnoll/+0 halberd (8)]
   886 | D:2      | 886 ||| READING scroll of teleportation.
   892 | D:2      | Slain by a gnoll

Levels and vault maps discovered:
D:1:      scummos_arrival_hexagon, layout_rooms, serial_shops, shop,
          serial_corexii_hall, corexii_hall_statues_i, corexii_hall_statues_t,
          chequers_hall_statues_wall_a, corexii_hall_statues_s,
          corexii_hall_statues_deadend, corexii_hall_statues_deadend,
          nicolae_figureground_pulse
D:2:      layout_basic, basic_altar, minivault_5, minmay_close_crescents

Skill      XL: |  1  2 |
---------------+-------+-----
Axes           | 2 3 |  3.1
Throwing       | 1 |  1.0
Fighting       | |  3.2
Armour         | |  3.2
Shields        | |  3.2

Action                     || total
---------------------------++-------
  Melee: War axe           ||    40
  Throw: Javelin           ||    28
    Use: Scroll            ||     5
 Armour: Scale mail        ||    13
         Plate armour      ||    11
  Dodge: Dodged            ||    14
  Block: Buckler           ||    10
         Reflection        ||     1

Table legend:
 A = Non-vault XP
 B = Vault XP
 C = Vault XP percentage of total XP
 D = Non-vault monster count
 E = Vault monster count
 F = Vault count percentage of total count
                 A         B        C        D         E       F
            +---------+---------+-------+---------+---------+-------
      Total |      47 |       5 |   9.6 |      19 |       3 |  13.6
            +---------+---------+-------+---------+---------+-------
        D:1 |      23 |       0 |   0.0 |      13 |       0 |   0.0
        D:2 |      24 |       5 |  17.2 |       6 |       3 |  33.3
            +---------+---------+-------+---------+---------+-------
